 Dungeon Crawl Stone Soup version 0.28-a0-1235-g7c8fac35f0 (webtiles) character file.

Game seed: 10529781097212523684

115 Gwenloh the Skirmisher (level 5, 0/47 HPs)
             Began as a Hill Orc Fighter on Dec 25, 2021.
             Was a Follower of Uskayaw.
             Slain by Natasha (8 damage)
             ... on level 1 of the Dungeon.
             The game lasted 00:04:10 (1606 turns).

Gwenloh the Skirmisher (Hill Orc Fighter)           Turns: 1606, Time: 00:04:11

Health: 0/47       AC:  7    Str: 19    XL:     5   Next: 0%
Magic:  2/5        EV:  7    Int:  8    God:    Uskayaw [*.....]
Gold:   69         SH:  8    Dex: 12    Spells: 4/4 levels left

rFire   . . .      SeeInvis .   a - +0 war axe
rCold   . . .      Faith    .   h - +0 kite shield
rNeg    . . .      Spirit   .   b - +0 scale mail
rPois   .          Reflect  .   (no helmet)
rElec   .          Harm     .   (no cloak)
rCorr   .          Rampage  .   (no gloves)
Will    .....                   (no boots)
Stlth   ..........              (no amulet)
HPRegen 0.15/turn               (no ring)
MPRegen 0.09/turn               (no ring)

@: no status effects
A: no striking features
a: Renounce Religion, Stomp


You were on level 1 of the Dungeon.
You worshipped Uskayaw.
Uskayaw was noncommittal.
You visited 1 branch of the dungeon, and saw 2 of its levels.

You collected 69 gold pieces.

Inventory:

Hand Weapons
 a - a +0 war axe (weapon)
Missiles
 e - 111 stones
 f - 20 sling bullets
 m - 15 poisoned darts
 n - 2 javelins (quivered)
Armour
 b - a +0 scale mail (worn)
 c - a +0 buckler
 h - a +0 kite shield (worn)
Scrolls
 i - a scroll of fear {unknown}
 j - 2 scrolls of teleportation {unknown}
 k - a scroll of noise {unknown}
Potions
 d - a potion of might
 g - a potion of invisibility {unknown}
 l - a potion of mutation {unknown}


   Skills:
 + Level 4.5 Fighting
 + Level 3.9 Axes
 + Level 4.1 Armour
 + Level 4.1 Shields
 + Level 0.7 Invocations


You had 4 spell levels left.
You didn't know any spells.
Your spell library contained the following spells:

 Spells                   Type           Power      Damage    Failure   Level
 Apportation              Tloc           0%         N/A       99%         1
 Alistair's Intoxication  Tmut/Pois      0%         N/A       100%        5


Dungeon Overview and Level Annotations

Branches:
Dungeon (2/15)

Altars:
Uskayaw

Annotations:
D:1 Natasha


Message History

Natasha's front paws start to glow.
You block Natasha's attack. Natasha completely misses you.
You closely miss Natasha.
You feel yourself speed up. You block Natasha's attack. x2
You barely miss Natasha. Natasha barely misses you. You block Natasha's attack.
You hit Natasha.
Natasha is lightly wounded.
Natasha casts a spell at you. The magic dart hits you.
You hit Natasha.
Natasha is lightly wounded.
Natasha claws you. Natasha claws you!
* * * LOW HITPOINT WARNING * * *
You hit Natasha.
Natasha is moderately wounded.
Natasha mumbles some strange words.
You closely miss Natasha.
Natasha is moderately wounded.
Natasha claws you.
* * * LOW HITPOINT WARNING * * *
You block Natasha's attack.
You completely miss Natasha.
Natasha is moderately wounded.
You hit the crimson imp but do no damage.
The crimson imp hits you but does no damage.
Natasha barely misses you.
The crimson imp laughs crazily.
The crimson imp hits you but does no damage.
You stomp with the beat, sending a shockwave through the revellers around you!
The crimson imp is moderately wounded.
Natasha is heavily wounded.
You can no longer stomp with the beat.
You block Natasha's attack. The crimson imp barely misses you.
You can now stomp with the beat.
Unknown command.
You closely miss Natasha.
Natasha is heavily wounded.
You hit the crimson imp. Natasha claws you!
You die...

#...#.................#
.....###.....##.......#####
..........................##
.........##...........#....#
###.#######.###.......######
##..# #.# #.......# ...##
##.###.......#
##########............#
##.............5@.....#
...####........h......#
#.............#########
#######.......##
...............# #####
#######.>...>..####...#
#..........##...#
#........#..#...#
#...............#


You could see Natasha and a crimson imp (summoned).

Vanquished Creatures
  Natasha (twice) (D:2)
  3 adders (D:2)
  2 worms (D:2)
  4 bats (D:1)
  3 endoplasms (D:1)
  3 goblins (D:1)
  2 hobgoblins
  A quokka (D:2)
  5 ball pythons
  3 frilled lizards
  3 kobolds (D:2)
  5 rats
36 creatures vanquished.

Notes
Turn   | Place    | Note
-------+----------+-------------------------------------------
     0 | D:1      | Gwenloh the Hill Orc Fighter began the quest for the Orb.
     0 | D:1      | Reached XP level 1. HP: 19/19 MP: 1/1
    95 | D:1      | Reached XP level 2. HP: 27/27 MP: 2/2
   110 | D:1      | Found a faded altar of an unknown god.
   549 | D:2      | Reached XP level 3. HP: 19/33 MP: 3/3
   937 | D:2      | Reached XP level 4. HP: 36/40 MP: 4/4
  1043 | D:2      | Noticed Natasha
  1050 | D:2      | Killed Natasha
  1349 | D:2      | Found a hide-covered altar of Uskayaw.
  1368 | D:2      | Became a worshipper of Uskayaw the Reveller
  1411 | D:2      | Reached * piety under Uskayaw
  1558 | D:2      | Noticed Natasha
  1569 | D:2      | Killed Natasha
  1573 | D:2      | Reached XP level 5. HP: 34/47 MP: 1/5
  1580 | D:2      | Noticed Natasha
  1606 | D:1      | Slain by Natasha

Illustrated notes

Levels and vault maps discovered:
D:1:      mrwooster_arrival_statue, layout_rooms,
          hellmonk_ecumenical_altar_pennies_from_heaven
D:2:      layout_rooms, basic_altar, uniq_crazy_yiuf_cottage, uniq_natasha

Skill      XL: |  1  2  3  4 |
---------------+-------------+-----
Axes           | 3 |  3.9
Fighting       | 4 |  4.5
Armour         | 4 |  4.1
Shields        | 4 |  4.1
Invocations    | |  0.7

Action                   |  1- 3 |  4- 6 || total
-------------------------+-------+-------++-------
Melee: War axe           |    84 |    42 ||   126
Throw: Stone             |    43 |    10 ||    53
       Javelin           |       |     1 ||     1
Invok: Stomp             |       |     3 ||     3
Armor: Scale mail        |    43 |    13 ||    56
Dodge: Dodged            |    36 |    14 ||    50
Block: Buckler           |    12 |       ||    12
       Kite shield       |    23 |    16 ||    39

Table legend: (Time is in decaauts)
 A = Elapsed time spent in this place.
 B = Non-inter-level travel time spent in this place.
 C = Inter-level travel time spent in this place.
 D = Time resting spent in this place.
 E = Time spent auto-exploring this place.
 F = Levels seen in this place.
 G = Mean time per level.
                   A        B        C        D        E       F      G
               +--------+--------+--------+--------+--------+-----+--------+
         Total |   1693 |   1649 |     44 |    239 |    988 |   2 |  846.5 |
       Dungeon |   1693 |   1649 |     44 |    239 |    988 |   2 |  846.5 |
               +--------+--------+--------+--------+--------+-----+--------+

Top non-repeatable levels by time:
     D:2: 986 daAuts
     D:1: 706 daAuts
